AoeStats
← hachi(tos)

Arabia

505804425Analyzed
1v1 RM · 21d ago on Sep 11, 2026· 39m 44s· 2 players
Game mode
Random Map
Map size
Tiny (2 player)
Population
200
Speed
Normal
Resources
Standard
Victory
Conquest
Starting age
Dark Age
Ending age
Imperial Age
RankedLock teamsTeams togetherTeam positionsShared explorationLock speedFull tech treeHidden civsTurbo modeCheats
Victory
Defeat
🇲🇽 Saracens · Mexico
1262
+14
🇯🇵 Armenians · Japan
1218
-14
[COBRA]HECTTOR
6:51 Loom
9:56 Feudal Age
10:54 Double-Bit Axe
16:35 Fletching
22:18 Castle Age
23:01 Bodkin Arrow
22:29 Crossbowman
23:16 Thumb Ring
24:01 Padded Archer Armor
26:15 Bow Saw
26:35 Horse Collar
28:31 Gold Mining
39:55 Imperial Age
38:08 Ballistics
hachi(tos)
9:24 Loom
14:02 Feudal Age
15:56 Wheelbarrow
15:16 Double-Bit Axe
20:29 Castle Age
19:40 Padded Archer Armor
20:09 Fletching
20:43 Gold Mining
20:39 Crossbowman
22:24 Bodkin Arrow
22:07 Crossbowman
25:27 Bow Saw
32:42 Ballistics
33:00 Scale Mail Armor
33:58 Man-at-Arms
34:24 Gambesons
34:39 Squires
38:33 Long Swordsman
Connection lost

Rejoining the realm…

Still unreachable

The connection could not be restored.

Session expired

The server has moved on; the page needs a fresh start.